 Dungeon Crawl Stone Soup version 0.30-a0-141-g30f27751c5 (webtiles) character file.

Game seed: 5364429082532124790

20171 qw the Cleaver (level 12, -23/77 HPs)
             Began as a Gargoyle Fighter on Sept 24, 2022.
             Was a High Priest of Okawaru.
             Killed from afar by a lindwurm (29 damage)
             ... with a blast of flame
             ... on level 2 of the Lair of Beasts on Sept 25, 2022.
             The game lasted 00:05:24 (13051 turns).

qw the Cleaver (Gargoyle Fighter)                  Turns: 13051, Time: 00:05:25

Health: -23/77     AC: 40    Str: 29    XL:     12   Next: 76%
Magic:  19/19      EV: 25    Int: 10    God:    Okawaru [*****.]
Gold:   680        SH:  6    Dex:  9    Spells: 11/11 levels left

rFire   . . .      SeeInvis .    l - +2 war axe (flame)
rCold   . . .      Faith    .    v - +0 buckler "Mihyf" {Str+5}
rNeg    + + .      Spirit   .    q - +9 plate armour "Arghyeguy" {Will+}
rPois   inf        Reflect  .    o - +0 helmet
rElec   +          Harm     .    z - +1 cloak
rCorr   .          Rampage  .    (no gloves)
Will    +....                    n - +0 pair of boots
Stlth   ..........               t - amulet of the acrobat
HPRegen 0.22/turn                k - ring of positive energy
MPRegen 0.16/turn                (no ring)

@: heroic, acrobatic
A: sickness immunity, AC +8, negative energy resistance 1, electricity
resistance, torment resistance 1, petrification resistance
a: Renounce Religion, Heroism, Finesse, Duel


You were on level 2 of the Lair of Beasts.
You worshipped Okawaru.
Okawaru was extremely pleased with you.
You visited 3 branches of the dungeon, and saw 13 of its levels.

You collected 680 gold pieces.


Innate Abilities, Weirdness & Mutations

You are immune to sickness and miasma.
Your stone body is resilient. (AC +8)
You are immune to poison.
You resist negative energy. (rN+)
You are resistant to electric shocks. (rElec)
You are resistant to unholy torment.
You are immune to petrification.


   Skills:
 - Level 10.0(15.0) Fighting
 + Level 12.4(17.4) Axes
 - Level 3.0(8.0) Throwing
 - Level 9.1(14.1) Armour
 - Level 2.2(7.2) Dodging
 - Level 6.1(11.1) Shields
 - Level 10.0 Invocations


You had 11 spell levels left.
You didn't know any spells.
Your spell library was empty.

Inventory:

Hand Weapons
 l - a +2 war axe of flaming (weapon)
Armour
 n - a +0 pair of boots (worn)
 o - a +0 helmet (worn)
 q - the +9 plate armour "Arghyeguy" (worn) {Will+}
   (Okawaru gifted it to you on level 1 of the Lair of Beasts)

   Will:      It increases your willpower.
 v - the +0 buckler "Mihyf" (worn) {Str+5}
   (You acquired it on level 10 of the Dungeon)

   Str:       It affects your strength (+5).
 z - a +1 cloak (worn)
Jewellery
 k - a ring of positive energy (left hand)
 r - a ring of fire
 t - an amulet of the acrobat (around neck)
Wands
 p - a wand of digging (8)
Scrolls
 b - 2 scrolls of teleportation
 f - 6 scrolls of identify
Potions
 a - 2 potions of mutation
 d - 3 potions of might
 e - a potion of lignification
 g - 2 potions of heal wounds
 h - a potion of magic
 i - 6 potions of curing
 j - 3 potions of resistance
 s - a potion of haste
 w - a potion of cancellation

Dungeon Overview and Level Annotations

Branches:
Dungeon (10/15)            Temple (1/1) D:5            Lair (2/5) D:10
 Shoals (0/4) Lair:2        Snake (0/4) Lair:2          Orc (0/2) D:10

Altars:
Ashenzari
Cheibriados
Dithmenos
Elyvilon
Fedhas
Gozag
Hepliaklqana
Kikubaaqudgha
Makhleb
Nemelex Xobeh
Okawaru
Qazlal
Ru
Sif Muna
Trog
Uskayaw
Vehumet
Wu Jian
Xom
Yredelemnul
Zin
The Shining One


Message History

The bullfrog is heavily wounded.
The bullfrog hits you but does no damage.
You closely miss the bullfrog.
The bullfrog is heavily wounded.
You block the bullfrog's attack. x2
You slice the bullfrog!! You burn the bullfrog.
You kill the bullfrog!
Okawaru accepts your kill.
Found a long sword.
Found 37 gold pieces.
A lindwurm comes into view.
13030 ||| INVOKING Heroism.
You gain the combat prowess of a mighty hero.
The lindwurm roars!
A lindwurm comes into view.
The lindwurm breathes flames at you.
The blast of flame hits you but does no damage.
You hear a roar! x2
The lindwurm roars! x2
The lindwurm breathes flames at you. The blast of flame hits you!
Magic restored.
The lindwurm breathes flames at you. The blast of flame hits you!
The lindwurm breathes flames at you. The blast of flame misses you.
The lindwurm breathes flames at you.
The blast of flame hits you but does no damage.
The lindwurm breathes flames at you. The blast of flame hits you!!!
Ouch! That really hurt!
The lindwurm breathes flames at you. The blast of flame misses you.
13050 ||| FLEEEEING.
The lindwurm breathes flames at you. The blast of flame misses you.
13051 ||| FLEEEEING.
The lindwurm breathes flames at you. The blast of flame hits you!!
You die...

)$##.~¤~~~.....
$.#..~~¤~..)...
##.k~¤¤¤¤.....
...##.kk~¤~~~...#
~~¤..k~~~~¤~...#
~~~¤~~~~~¤~~~...#
~¤~~~~¤~~~~~~~....##
¤~~~~~~~~~~~~.....(#
...~~¤¤~~~~.@...P..#
......~~........#..#
.............###...#
......<#......###
#..# ........#..P.P#
..# .............##
.# ......####.### ..
#.....###.##
#..P...#.#.###..


You could see 4 lindwurms.

Vanquished Creatures
  Harold (Lair:1)
  A boulder beetle (Lair:1)
  A two-headed ogre (D:10)
  A lindwurm (Lair:2)
  5 elephants (Lair:1)
  2 merfolk sirens (Lair:2)
  2 gargoyles
  6 black mambas (Lair:2)
  A cane toad (Lair:1)
  3 komodo dragons
  A merfolk (Lair:2)
  A polar bear (Lair:1)
  2 trolls
  Prince Ribbit (D:9)
  4 blink frogs (Lair:2)
  4 wyverns
  A steam dragon (D:9)
  26 yaks
  A basilisk (Lair:1)
  2 wargs (D:10)
  10 water moccasins
  An orc warrior (D:8)
  5 sky beasts
  An ice beast (D:7)
  2 centaurs
  7 wolves
  3 kobold brigands
  2 phantoms
  4 bullfrogs
  A necrophage (D:5)
  5 scorpions
  13 wights
  8 killer bees
  A howler monkey (D:8)
  A jelly (D:6)
  9 orc priests
  A quasit (D:7)
  2 gnoll boudas
  6 hounds
  Jessica (D:3)
  4 orc wizards
  4 iguanas
  Robin (D:3)
  10 gnolls
  6 adders
  4 white imps
  An ufetubus (D:6)
  2 worms
  4 dart slugs
  22 orcs
  8 bats
  6 endoplasms
  3 giant cockroaches
  19 goblins
  12 hobgoblins
  3 jackals (D:1)
  15 kobolds
  2 quokkas
  5 ball pythons
  A frilled lizard (D:1)
  4 rats
285 creatures vanquished.

Vanquished Creatures (others)
  4 fungi
  12 plants
16 creatures vanquished.

Grand Total: 301 creatures vanquished

Notes
Turn   | Place    | Note
-------+----------+-------------------------------------------
     0 | D:1      | qw the Gargoyle Fighter began the quest for the Orb.
     0 | D:1      | Reached XP level 1. HP: 14/14 MP: 1/1
     0 | D:1      | 0 ||| qw: Version: 0.2-a-9-g4872b50
     0 | D:1      | 0 ||| qw: Game counter: 74
     0 | D:1      | 0 ||| qw: Always use a shield: true
     0 | D:1      | 0 ||| qw: God list: Okawaru
     0 | D:1      | 0 ||| qw: Allow faded altars: false
     0 | D:1      | 0 ||| qw: Do Orc after D:15 true
     0 | D:1      | 0 ||| qw: Do second Lair branch before Depths: true
     0 | D:1      | 0 ||| qw: Lair rune preference: random
     0 | D:1      | 0 ||| qw: Plans: Normal, Zot:1-4, God:TSO, Crypt, Tomb,
                  | Pan, Slime:5, Hells, Abyss, Orb
     0 | D:1      | 0 ||| PLANNING D:1-11
    52 | D:1      | Reached skill level 2 in Axes
    91 | D:1      | 91 ||| Stepping ~*~*~tactically~*~*~ (stealth).
    92 | D:1      | 92 ||| Stepping ~*~*~tactically~*~*~ (stealth).
    95 | D:1      | Reached XP level 2. HP: 13/19 MP: 2/2
    95 | D:1      | 95 ||| Stepping ~*~*~tactically~*~*~ (stealth).
   359 | D:1      | 359 ||| Stepping ~*~*~tactically~*~*~ (stealth).
   368 | D:1      | 368 ||| DROPPING +0 whip.
   370 | D:1      | 370 ||| Stepping ~*~*~tactically~*~*~ (hiding).
   371 | D:1      | 371 ||| Stepping ~*~*~tactically~*~*~ (hiding).
   381 | D:1      | Reached skill level 3 in Axes
   426 | D:1      | Reached XP level 3. HP: 23/23 MP: 3/3
   643 | D:1      | 643 ||| Stepping ~*~*~tactically~*~*~ (hiding).
   656 | D:1      | 656 ||| Stepping ~*~*~tactically~*~*~ (hiding).
  1129 | D:1      | 1129 ||| READING scroll labelled XUDUMA FUREL.
  1407 | D:2      | 1407 ||| DROPPING +0 flail.
  1581 | D:2      | 1581 ||| UPGRADING to ring of positive energy.
  1582 | D:2      | 1582 ||| READING scroll labelled VOGOHA SAGRIEV.
  1586 | D:2      | 1586 ||| READING scroll labelled YTWE PIEGA.
  1587 | D:2      | 1587 ||| READING scroll labelled XAOX GUNARPH.
  1612 | D:2      | 1612 ||| Stepping ~*~*~tactically~*~*~ (stealth).
  1617 | D:2      | Found a basalt altar of Yredelemnul.
  1644 | D:2      | 1644 ||| Stepping ~*~*~tactically~*~*~ (stealth).
  1651 | D:2      | 1651 ||| Stepping ~*~*~tactically~*~*~ (stealth).
  1657 | D:2      | 1657 ||| Stepping ~*~*~tactically~*~*~ (stealth).
  1661 | D:2      | Reached XP level 4. HP: 28/28 MP: 4/4
  1846 | D:2      | 1846 ||| DROPPING amulet of faith.
  1847 | D:2      | 1847 ||| DRINKING 2 glowing inky potions.
  1848 | D:2      | 1848 ||| DRINKING 2 orange potions.
  1849 | D:2      | 1849 ||| DROPPING potion of magic.
  1929 | D:3      | 1929 ||| STAIRDANCE
  1975 | D:3      | 1975 ||| Stepping ~*~*~tactically~*~*~ (stealth).
  1979 | D:3      | 1979 ||| Stepping ~*~*~tactically~*~*~ (stealth).
  2018 | D:3      | Reached skill level 4 in Axes
  2065 | D:3      | 2065 ||| Stepping ~*~*~tactically~*~*~ (stealth).
  2188 | D:3      | 2188 ||| Stepping ~*~*~tactically~*~*~ (stealth).
  2226 | D:3      | Found a faded altar of an unknown god.
  2355 | D:3      | Found a shimmering altar of Xom.
  2355 | D:3      | Found a stormy altar of Qazlal.
  2355 | D:3      | Found an ancient bone altar of Kikubaaqudgha.
  2584 | D:3      | Noticed Jessica
  2585 | D:3      | 2585 ||| Stepping ~*~*~tactically~*~*~ (hiding).
  2600 | D:3      | Killed Jessica
  2601 | D:3      | Reached XP level 5. HP: 22/32 MP: 5/5
  3100 | D:3      | 3100 ||| Stepping ~*~*~tactically~*~*~ (stealth).
  3102 | D:3      | Noticed Robin
  3103 | D:3      | 3103 ||| Stepping ~*~*~tactically~*~*~ (hiding).
  3115 | D:3      | Killed Robin
  3326 | D:3      | 3326 ||| UPGRADING to +0 pair of boots.
  3331 | D:3      | 3331 ||| UPGRADING to +0 helmet.
  3336 | D:3      | 3336 ||| READING scroll labelled TYX LUKEOGIONE.
  3337 | D:3      | 3337 ||| DRINKING 4 grey potions.
  3338 | D:3      | 3338 ||| DRINKING 2 lumpy clear potions.
  3339 | D:3      | 3339 ||| READING 2 scrolls of identify.
  3339 | D:3      | 3339 ||| IDENTIFYING cyan potion
  3340 | D:3      | 3340 ||| DROPPING potion of degeneration.
  3417 | D:4      | Reached skill level 5 in Axes
  3436 | D:4      | 3436 ||| DROPPING +0 flail of holy wrath.
  3617 | D:4      | 3617 ||| Stepping ~*~*~tactically~*~*~ (hiding).
  3620 | D:4      | 3620 ||| Stepping ~*~*~tactically~*~*~ (hiding).
  3672 | D:4      | Identified the +6 chain mail "Dilachim" {Harm Fly Regen+
                  | Str-5}
  4204 | D:4      | 4204 ||| Stepping ~*~*~tactically~*~*~ (hiding).
  4445 | D:4      | 4445 ||| UPGRADING to +6 chain mail "Dilachim" {Harm Fly
                  | Regen+ Str-5}.
  4455 | D:4      | 4455 ||| READING scroll labelled SIANWIYHOE.
  4463 | D:4      | 4463 ||| READING scroll labelled XAOZXY GEYHAU.
  4464 | D:4      | 4464 ||| DRINKING 2 murky silvery potions.
  4465 | D:4      | 4465 ||| READING 2 scrolls of identify.
  4465 | D:4      | 4465 ||| IDENTIFYING murky coppery potion
  4466 | D:4      | 4466 ||| DROPPING potion of invisibility.
  4470 | D:5      | Entered Level 5 of the Dungeon
  4527 | D:5      | Reached XP level 6. HP: 39/39 MP: 6/6
  4731 | D:5      | Reached skill level 6 in Axes
  4731 | D:5      | Reached XP level 7. HP: 43/44 MP: 7/7
  4750 | D:5      | Found a staircase to the Ecumenical Temple.
  4751 | D:5      | 4751 ||| PLANNING TEMPLE
  4751 | D:5      | 4751 ||| READING 3 scrolls of identify.
  4751 | D:5      | 4751 ||| IDENTIFYING smoky purple potion
  4752 | D:5      | 4752 ||| READING 2 scrolls of identify.
  4752 | D:5      | 4752 ||| IDENTIFYING golden potion
  4753 | D:5      | 4753 ||| DROPPING potion of brilliance.
  4762 | Temple   | Entered the Ecumenical Temple
  5043 | Temple   | 5043 ||| PLANNING D:1-11
  5070 | Temple   | Became a worshipper of Warmaster Okawaru
  5337 | D:5      | 5337 ||| Stepping ~*~*~tactically~*~*~ (stealth).
  5339 | D:5      | 5339 ||| Stepping ~*~*~tactically~*~*~ (stealth).
  5347 | D:5      | 5347 ||| Stepping ~*~*~tactically~*~*~ (hiding).
  5362 | D:5      | Reached skill level 7 in Axes
  5445 | D:5      | Reached XP level 8. HP: 50/50 MP: 8/8
  5939 | D:5      | 5939 ||| READING scroll labelled ZAIQEV ZER IWN.
  6029 | D:6      | Reached * piety under Okawaru
  6030 | D:6      | Reached skill level 1 in Dodging
  6081 | D:6      | Reached skill level 1 in Invocations
  6093 | D:6      | 6093 ||| Stepping ~*~*~tactically~*~*~ (stealth).
  6094 | D:6      | Noticed a gargoyle
  6095 | D:6      | 6095 ||| Stepping ~*~*~tactically~*~*~ (stealth).
  6101 | D:6      | 6101 ||| INVOKING Heroism.
  6131 | D:6      | 6131 ||| Stepping ~*~*~tactically~*~*~ (hiding).
  6145 | D:6      | 6145 ||| INVOKING Heroism.
  6156 | D:6      | HP: 3/50 [gargoyle/+0 morningstar (24)]
  6157 | D:6      | 6157 ||| DRINKING potion of heal wounds.
  6164 | D:6      | 6164 ||| INVOKING Heroism.
  6165 | D:6      | HP: 4/50 [gargoyle/+0 morningstar (20)]
  6166 | D:6      | Killed a gargoyle
  6167 | D:6      | Reached skill level 3 in Invocations
  6172 | D:6      | 6172 ||| FLEEEEING.
  6230 | D:6      | 6230 ||| Stepping ~*~*~tactically~*~*~ (stealth).
  6231 | D:6      | 6231 ||| Stepping ~*~*~tactically~*~*~ (hiding).
  6236 | D:6      | 6236 ||| DRINKING 4 potions of curing.
  6236 | D:6      | 6236 ||| (to cure confusion)
  6241 | D:6      | 6241 ||| Stepping ~*~*~tactically~*~*~ (stealth).
  6242 | D:6      | 6242 ||| Stepping ~*~*~tactically~*~*~ (stealth).
  6246 | D:6      | 6246 ||| INVOKING Heroism.
  6383 | D:6      | 6383 ||| INVOKING Heroism.
  6390 | D:6      | Reached skill level 8 in Axes
  6409 | D:6      | 6409 ||| Stepping ~*~*~tactically~*~*~ (hiding).
  6411 | D:6      | 6411 ||| INVOKING Heroism.
  6424 | D:6      | Reached skill level 6 in Fighting
  6426 | D:6      | Reached XP level 9. HP: 44/56 MP: 10/12
  6525 | D:6      | Reached ** piety under Okawaru
  6767 | D:7      | 6767 ||| STAIRDANCE
  6776 | D:7      | 6776 ||| STAIRDANCE
  6780 | D:6      | Reached skill level 9 in Axes
  6782 | D:7      | 6782 ||| STAIRDANCE
  6784 | D:6      | 6784 ||| INVOKING Heroism.
  6802 | D:7      | 6802 ||| STAIRDANCE
  6836 | D:7      | 6836 ||| Stepping ~*~*~tactically~*~*~ (stealth).
  6853 | D:7      | 6853 ||| Stepping ~*~*~tactically~*~*~ (stealth).
  6854 | D:7      | 6854 ||| Stepping ~*~*~tactically~*~*~ (stealth).
  6860 | D:7      | 6860 ||| FLEEEEING.
  6865 | D:7      | 6865 ||| Stepping ~*~*~tactically~*~*~ (stealth).
  6867 | D:7      | 6867 ||| Stepping ~*~*~tactically~*~*~ (hiding).
  6875 | D:7      | 6875 ||| INVOKING Heroism.
  6919 | D:7      | 6919 ||| DROPPING +0 morningstar.
  7078 | D:7      | 7078 ||| Stepping ~*~*~tactically~*~*~ (stealth).
  7114 | D:7      | 7114 ||| Stepping ~*~*~tactically~*~*~ (stealth).
  7126 | D:7      | 7126 ||| INVOKING Heroism.
  7353 | D:7      | 7353 ||| DROPPING +0 scale mail.
  7354 | D:7      | 7354 ||| UPGRADING to +0 chain mail.
  7364 | D:7      | 7364 ||| UPGRADING to amulet of the acrobat.
  7369 | D:7      | 7369 ||| DRINKING 2 red potions.
  7370 | D:7      | 7370 ||| READING 2 scrolls of identify.
  7370 | D:7      | 7370 ||| IDENTIFYING silvery potion
  7417 | D:8      | 7417 ||| Stepping ~*~*~tactically~*~*~ (stealth).
  7455 | D:8      | Reached *** piety under Okawaru
  7516 | D:8      | 7516 ||| INVOKING Heroism.
  7525 | D:8      | Reached skill level 1 in Throwing
  7695 | D:8      | 7695 ||| INVOKING Heroism.
  7702 | D:8      | Reached XP level 10. HP: 61/63 MP: 10/13
  7729 | D:8      | Reached skill level 10 in Axes
  7850 | D:8      | 7850 ||| INVOKING Heroism.
  8021 | D:8      | 8021 ||| Stepping ~*~*~tactically~*~*~ (stealth).
  8024 | D:8      | 8024 ||| INVOKING Heroism.
  8130 | D:8      | 8130 ||| DROPPING +1 robe of resistance.
  8131 | D:8      | 8131 ||| UPGRADING to +4 plate armour.
  8141 | D:8      | 8141 ||| DROPPING +0 chain mail.
  8205 | D:9      | 8205 ||| Stepping ~*~*~tactically~*~*~ (stealth).
  8214 | D:9      | 8214 ||| Stepping ~*~*~tactically~*~*~ (stealth).
  8215 | D:9      | 8215 ||| Stepping ~*~*~tactically~*~*~ (stealth).
  8231 | D:9      | 8231 ||| INVOKING Heroism.
  8351 | D:9      | 8351 ||| INVOKING Heroism.
  8358 | D:9      | Reached skill level 6 in Armour
  8497 | D:9      | 8497 ||| INVOKING Heroism.
  8509 | D:9      | 8509 ||| Stepping ~*~*~tactically~*~*~ (cloud).
  8510 | D:9      | 8510 ||| Stepping ~*~*~tactically~*~*~ (cloud).
  8610 | D:9      | Noticed Prince Ribbit
  8645 | D:9      | 8645 ||| INVOKING Heroism.
  8648 | D:9      | Killed Prince Ribbit
  8954 | D:9      | 8954 ||| DRINKING 2 glowing blue potions.
  8955 | D:9      | 8955 ||| DROPPING potion of flight.
  8973 | D:10     | Entered Level 10 of the Dungeon
  8983 | D:10     | 8983 ||| FLEEEEING.
  8984 | D:10     | 8984 ||| FLEEEEING.
  8985 | D:10     | 8985 ||| FLEEEEING.
  8986 | D:10     | 8986 ||| FLEEEEING.
  8987 | D:10     | 8987 ||| FLEEEEING.
  8988 | D:10     | 8988 ||| FLEEEEING.
  8989 | D:10     | 8989 ||| FLEEEEING.
  8990 | D:10     | 8990 ||| STAIRDANCE
  9055 | D:10     | 9055 ||| INVOKING Heroism.
  9083 | D:10     | 9083 ||| Stepping ~*~*~tactically~*~*~ (stealth).
  9087 | D:10     | 9087 ||| FLEEEEING.
  9088 | D:10     | 9088 ||| FLEEEEING.
  9089 | D:10     | 9089 ||| STAIRDANCE
  9209 | D:10     | 9209 ||| STAIRDANCE
  9267 | D:10     | 9267 ||| STAIRDANCE
  9325 | D:10     | 9325 ||| STAIRDANCE
  9330 | D:9      | 9330 ||| INVOKING Heroism.
  9336 | D:9      | Reached **** piety under Okawaru
  9496 | D:10     | 9496 ||| STAIRDANCE
  9519 | D:10     | 9519 ||| INVOKING Heroism.
  9520 | D:10     | 9520 ||| STAIRDANCE
  9537 | D:10     | 9537 ||| STAIRDANCE
  9553 | D:10     | 9553 ||| STAIRDANCE
  9593 | D:10     | 9593 ||| STAIRDANCE
  9639 | D:10     | 9639 ||| INVOKING Heroism.
  9640 | D:10     | Received a gift from Okawaru
  9648 | D:10     | 9648 ||| Stepping ~*~*~tactically~*~*~ (stealth).
  9666 | D:10     | 9666 ||| FLEEEEING.
  9674 | D:10     | 9674 ||| STAIRDANCE
  9759 | D:10     | 9759 ||| Stepping ~*~*~tactically~*~*~ (stealth).
  9761 | D:10     | 9761 ||| INVOKING Heroism.
  9802 | D:10     | Found a staircase to the Orcish Mines.
  9830 | D:10     | Noticed a two-headed ogre
  9831 | D:10     | 9831 ||| INVOKING Heroism.
  9844 | D:10     | Killed a two-headed ogre
  9845 | D:10     | Reached skill level 11 in Axes
  9845 | D:10     | Reached XP level 11. HP: 48/68 MP: 12/14
 10026 | D:10     | 10026 ||| Stepping ~*~*~tactically~*~*~ (hiding).
 10034 | D:10     | 10034 ||| INVOKING Heroism.
 10037 | D:10     | Reached skill level 3 in Throwing
 10346 | D:10     | Found a staircase to the Lair.
 10471 | D:10     | 10471 ||| Stepping ~*~*~tactically~*~*~ (stealth).
 10476 | D:10     | 10476 ||| Stepping ~*~*~tactically~*~*~ (stealth).
 10803 | D:10     | 10803 ||| PLANNING LAIR
 10803 | D:10     | 10803 ||| UPGRADING to +1 cloak.
 10808 | D:10     | 10808 ||| READING 2 scrolls labelled BOLA HUZEDU.
 10809 | D:10     | 10809 ||| READING scroll labelled LUTWEM VIUC.
 10809 | D:10     | Identified a scroll of acquirement
 10809 | D:10     | 10809 ||| ACQUIRING +0 buckler "Mihyf" {Str+5}
 10809 | D:10     | Acquired the +0 buckler "Mihyf" {Str+5}
 10811 | D:10     | 10811 ||| UPGRADING to +0 buckler "Mihyf" {Str+5}.
 10821 | D:10     | 10821 ||| DROPPING +0 buckler.
 10822 | D:10     | 10822 ||| DRINKING 4 clear potions.
 10923 | D:10     | 10923 ||| DROPPING scroll of amnesia.
 10924 | D:10     | 10924 ||| DROPPING 3 potions of ambrosia.
 10955 | Lair:1   | Entered Level 1 of the Lair of Beasts
 10992 | Lair:1   | 10992 ||| Stepping ~*~*~tactically~*~*~ (stealth).
 10994 | Lair:1   | 10994 ||| Stepping ~*~*~tactically~*~*~ (stealth).
 10998 | Lair:1   | Reached skill level 6 in Invocations
 10999 | Lair:1   | 10999 ||| Stepping ~*~*~tactically~*~*~ (stealth).
 11000 | Lair:1   | 11000 ||| Stepping ~*~*~tactically~*~*~ (stealth).
 11039 | Lair:1   | Received a gift from Okawaru
 11040 | Lair:1   | 11040 ||| Stepping ~*~*~tactically~*~*~ (stealth).
 11041 | Lair:1   | 11041 ||| INVOKING Heroism.
 11072 | Lair:1   | Noticed a boulder beetle
 11073 | Lair:1   | 11073 ||| INVOKING Heroism.
 11105 | Lair:1   | 11105 ||| INVOKING Heroism.
 11119 | Lair:1   | Killed a boulder beetle
 11172 | Lair:1   | 11172 ||| INVOKING Heroism.
 11400 | Lair:1   | Noticed Harold
 11401 | Lair:1   | 11401 ||| Stepping ~*~*~tactically~*~*~ (hiding).
 11406 | Lair:1   | 11406 ||| INVOKING Heroism.
 11417 | Lair:1   | Killed Harold
 11418 | Lair:1   | Reached skill level 9 in Fighting
 11649 | Lair:1   | 11649 ||| SWAPPING to +2 war axe of flaming.
 11650 | Lair:1   | 11650 ||| DROPPING +5 morningstar of freezing.
 11651 | Lair:1   | 11651 ||| DROPPING +0 war axe.
 11667 | Lair:1   | 11667 ||| INVOKING Heroism.
 11675 | Lair:1   | Reached ***** piety under Okawaru
 11729 | Lair:1   | 11729 ||| Stepping ~*~*~tactically~*~*~ (stealth).
 11730 | Lair:1   | 11730 ||| INVOKING Heroism.
 11740 | Lair:1   | Identified the +9 plate armour "Arghyeguy" {Will+} (Okawaru
                  | gifted it to you on level 1 of the Lair of Beasts)
 11740 | Lair:1   | Received a gift from Okawaru
 12077 | Lair:1   | 12077 ||| INVOKING Heroism.
 12365 | Lair:1   | 12365 ||| DROPPING +6 chain mail "Dilachim" {Harm Fly
                  | Regen+ Str-5}.
 12366 | Lair:1   | 12366 ||| UPGRADING to +9 plate armour "Arghyeguy" {Will+}.
 12376 | Lair:1   | 12376 ||| DROPPING +4 plate armour.
 12425 | Lair:2   | 12425 ||| Stepping ~*~*~tactically~*~*~ (hiding).
 12426 | Lair:2   | 12426 ||| INVOKING Heroism.
 12433 | Lair:2   | Reached skill level 9 in Invocations
 12435 | Lair:2   | Reached XP level 12. HP: 68/76 MP: 16/18
 12473 | Lair:2   | Found a staircase to the Shoals.
 12518 | Lair:2   | 12518 ||| INVOKING Heroism.
 12526 | Lair:2   | Reached skill level 12 in Axes
 12570 | Lair:2   | Found a staircase to the Snake Pit.
 12578 | Lair:2   | 12578 ||| Stepping ~*~*~tactically~*~*~ (stealth).
 12579 | Lair:2   | 12579 ||| INVOKING Heroism.
 12628 | Lair:2   | 12628 ||| INVOKING Heroism.
 12683 | Lair:2   | 12683 ||| Stepping ~*~*~tactically~*~*~ (stealth).
 12685 | Lair:2   | 12685 ||| Stepping ~*~*~tactically~*~*~ (stealth).
 12687 | Lair:2   | 12687 ||| INVOKING Heroism.
 12692 | Lair:2   | 12692 ||| Stepping ~*~*~tactically~*~*~ (stealth).
 12697 | Lair:2   | Reached skill level 9 in Armour
 12709 | Lair:2   | 12709 ||| Stepping ~*~*~tactically~*~*~ (stealth).
 12714 | Lair:2   | 12714 ||| Stepping ~*~*~tactically~*~*~ (stealth).
 12721 | Lair:2   | 12721 ||| Stepping ~*~*~tactically~*~*~ (stealth).
 12722 | Lair:2   | 12722 ||| Stepping ~*~*~tactically~*~*~ (stealth).
 12723 | Lair:2   | 12723 ||| Stepping ~*~*~tactically~*~*~ (stealth).
 12726 | Lair:2   | 12726 ||| INVOKING Heroism.
 12728 | Lair:2   | Reached skill level 6 in Shields
 12806 | Lair:2   | 12806 ||| INVOKING Heroism.
 12865 | Lair:2   | 12865 ||| Stepping ~*~*~tactically~*~*~ (hiding).
 12870 | Lair:2   | 12870 ||| INVOKING Heroism.
 12936 | Lair:2   | 12936 ||| Stepping ~*~*~tactically~*~*~ (stealth).
 12942 | Lair:2   | 12942 ||| Stepping ~*~*~tactically~*~*~ (stealth).
 12943 | Lair:2   | 12943 ||| Stepping ~*~*~tactically~*~*~ (stealth).
 13030 | Lair:2   | 13030 ||| INVOKING Heroism.
 13049 | Lair:2   | HP: 6/77 [lindwurm/blast of flame (51)]
 13050 | Lair:2   | 13050 ||| FLEEEEING.
 13051 | Lair:2   | 13051 ||| FLEEEEING.
 13051 | Lair:2   | Killed from afar by a lindwurm

Levels and vault maps discovered:
D:1:      minmay_arrival_semitransparent, layout_basic
D:2:      layout_basic, basic_altar
D:3:      layout_basic, gammafunk_temple_overflow_claw,
          hellmonk_ecumenical_altar_blasted, uniq_robin, uniq_jessica
D:4:      layout_layer_cave, fountainhead, nrook_mini_vaults
D:5:      layout_basic, temple_hall
D:6:      layout_basic, hellmonk_bongcloud_opening
D:7:      layout_rooms, serial_demonic, serial_demonic_d, serial_demonic_g,
          serial_demonic_c, serial_demonic_c, hangedman_decor_points
D:8:      layout_basic
D:9:      layout_small_grid, uniq_prince_ribbit1
D:10:     layout_loops_ring, lair_entry_dummy, erik_orc_4, due_unseen_surprise
Temple:   compressed_dpeg_triangle_lava_temple
Lair:1:   layout_chaotic_city, columned_hall_lemuel, uniq_harold
Lair:2:   layout_cave_pods, elwin_shoals_entry_stream,
          minmay_snake_entry_six_corridors, minmay_lindwurm_lava,
          lemuel_fruit_fields

Skill      XL: |  1  2  3  4  5  6  7  8  9 10 11 12 |
---------------+-------------------------------------+-----
Axes           | 2 3 4 5 6 7 8 9 11 12 | 12.4
Fighting       | 4 5 6 7 8 9 10 | 10.0
Armour         | 4 5 7 8 9 |  9.1
Dodging        | 1 2 |  2.2
Invocations    | 4 5 9 10 | 10.0
Shields        | 4 5 6 |  6.1
Throwing       | 2 3 |  3.0

Action                   |  1- 3 |  4- 6 |  7- 9 | 10-12 || total
-------------------------+-------+-------+-------+-------++-------
Melee: War axe           |    85 |   208 |   322 |   522 ||  1137
Throw: Javelin           |       |       |     1 |    42 ||    43
Invok: Heroism           |       |       |    11 |    30 ||    41
  Use: Scroll            |     4 |     5 |     4 |     2 ||    15
       Potion            |       |     5 |     3 |     2 ||    10
Armor: Scale mail        |    31 |    83 |       |       ||   114
       Chain mail        |       |    41 |   218 |    10 ||   269
       Plate armour      |       |       |       |   281 ||   281
Dodge: Dodged            |    23 |    80 |   121 |   180 ||   404
Block: Buckler           |    13 |    34 |    61 |   129 ||   237

Table legend:
 A = Non-vault XP
 B = Vault XP
 C = Vault XP percentage of total XP
 D = Non-vault monster count
 E = Vault monster count
 F = Vault count percentage of total count
                 A         B        C        D         E       F
            +---------+---------+-------+---------+---------+-------
      Total |   22598 |    6218 |  21.6 |     236 |      49 |  17.2
            +---------+---------+-------+---------+---------+-------
        D:1 |      56 |       0 |   0.0 |      27 |       0 |   0.0
        D:2 |      29 |       0 |   0.0 |      15 |       0 |   0.0
        D:3 |      65 |      74 |  53.2 |      17 |      14 |  45.2
        D:4 |      65 |       0 |   0.0 |      13 |       0 |   0.0
        D:5 |     942 |       0 |   0.0 |      22 |       0 |   0.0
        D:6 |    1721 |       8 |   0.5 |      29 |       1 |   3.3
        D:7 |     998 |      66 |   6.2 |      17 |       3 |  15.0
        D:8 |    1412 |       0 |   0.0 |      22 |       0 |   0.0
        D:9 |    1978 |     325 |  14.1 |      12 |       5 |  29.4
       D:10 |    2133 |     560 |  20.8 |       9 |      13 |  59.1
     Lair:1 |    6498 |     876 |  11.9 |      22 |       1 |   4.3
     Lair:2 |    6701 |    4309 |  39.1 |      31 |      12 |  27.9
            +---------+---------+-------+---------+---------+-------
